 Dungeon Crawl Stone Soup version 0.29-a0-334-gb41bcbb86e (webtiles) character file.

Game seed: 9744115137903157844

83 zishaf the Skirmisher (level 4, 0/39 HPs)
             Began as a Palentonga Abyssal Knight on Apr 15, 2022.
             Was a Priest of Lugonu.
             Slain by an adder (4 damage)
             ... on level 3 of the Dungeon.
             The game lasted 00:03:27 (1764 turns).

zishaf the Skirmisher (Palentonga Abyssal Knight)   Turns: 1764, Time: 00:03:28

Health: 0/39       AC:  5    Str: 16    XL:     4   Next: 22%
Magic:  6/6        EV:  8    Int: 11    God:    Lugonu [***...]
Gold:   91         SH:  0    Dex: 12    Spells: 3/3 levels left

rFire   . . .      SeeInvis +   a - +1 falchion
rCold   . . .      Faith    .   (no shield)
rNeg    . . .      Spirit   .   g - +0 ring mail
rPois   .          Reflect  .   (no helmet)
rElec   .          Harm     .   (no cloak)
rCorr   .          Rampage  .   (no gloves)
Will    .....                   (no barding)
Stlth   +.........              (no amulet)
HPRegen 0.13/turn               (no ring)
MPRegen 0.10/turn               (no ring)

@: no status effects
A: large, rugged brown scales 3, see invisible, deformed body, roll 1, armoured
tail
a: Rolling Charge, Renounce Religion, Depart the Abyss, Bend Space, Banish


You were on level 3 of the Dungeon.
You worshipped Lugonu.
Lugonu was most pleased with you.
You visited 1 branch of the dungeon, and saw 3 of its levels.
You visited the Abyss 1 time.

You collected 91 gold pieces.

Inventory:

Hand Weapons
 a - a +1 falchion (weapon)
Armour
 b - a +0 leather armour
 g - a +0 ring mail (worn)
Scrolls
 e - a scroll of torment {unknown}
 h - a scroll of teleportation {unknown}
Potions
 c - 2 potions of flight
 d - a potion of lignification
 f - 2 potions of attraction


   Skills:
 + Level 3.8 Fighting
 + Level 3.1 Long Blades
 - Level 1.5 Armour
 - Level 0.7 Dodging
 + Level 3.1 Invocations


You had 3 spell levels left.
You didn't know any spells.
Your spell library was empty.

Dungeon Overview and Level Annotations

Branches:
Dungeon (2/15)

Altars:


Innate Abilities, Weirdness & Mutations

You are completely covered in rugged brown scales. (AC +3, +7% HP)
You have supernaturally acute eyesight. (SInv)
Armour fits poorly on your strangely shaped body.
You can roll at nearby foes to attack.
You have a long armoured tail.


Message History

You roll forward with a clatter of scales!
You hit the iguana but do no damage.
The iguana is severely wounded.
The iguana closely misses you.
You don't have enough health at the moment.
You hit the iguana. You tail-slap the iguana.
You kill the iguana!
Lugonu accepts your kill.
Your Long Blades skill increases to level 3!
Your Invocations skill increases to level 3!
You have reached level 4!
You feel clever.
e - a scroll labelled JIGACYOBUTH A worm comes into view.
You hear the slow rusting of a very distant drain.
Found a potion of flight.
Found 24 stones.
An adder comes into view.
The adder hisses angrily.
You hit the adder.
The adder is heavily wounded.
The adder bites you but does no damage. The adder closely misses you.
You hit the adder.
The adder is severely wounded.
The adder closely misses you.
You closely miss the adder.
The adder is severely wounded.
The adder bites you.
* * * LOW HITPOINT WARNING * * *
The adder closely misses you.
You closely miss the adder.
The adder is severely wounded.
The adder closely misses you.
You miss the adder.
The adder is severely wounded.
The adder barely misses you. The adder closely misses you.
You barely miss the adder.
The adder is severely wounded.
The adder bites you.
You die...

........................#...#....
#..#.#....#.#..##.......+........
#..#.#..###.#...........#........
#..#.#..###......................
.............#....##.####........
#..##......<......##.# #........
#.................##.####....##..
..###........................# ..
..# .#+###.##..@.##.## ##.#.# ..+
.. #.##..S.##. ...# ..# ..
#.......!# .# # ..# .........##
w.# ##.##(.... ..# ... #...#.#
..# ## #...... ##..##..


You could see an adder.

Vanquished Creatures
  An iguana (D:3)
  An adder (D:3)
  A dart slug (D:1)
  6 endoplasms
  A giant cockroach (D:1)
  5 goblins
  3 hobgoblins
  5 jackals (D:1)
  4 kobolds (D:1)
  A quokka (D:1)
  4 ball pythons (D:1)
  2 bats (D:1)
  3 frilled lizards
  7 rats
44 creatures vanquished.

Notes
Turn   | Place    | Note
-------+----------+-------------------------------------------
     0 | Abyss:1  | zishaf the Palentonga Abyssal Knight began the quest for
                  | the Orb.
     0 | Abyss:1  | Reached XP level 1. HP: 19/19 MP: 2/2
    59 | D:1      | Escaped the Abyss
   296 | D:1      | Reached XP level 2. HP: 25/25 MP: 3/3
   720 | D:1      | Reached *** piety under Lugonu
   729 | D:1      | Reached XP level 3. HP: 3/31 MP: 4/4
   731 | D:1      | HP: 1/31 [frilled lizard (2)]
  1599 | D:2      | You fall into a shaft and drop 1 floor!
  1736 | D:3      | Reached XP level 4. HP: 3/39 MP: 3/6
  1764 | D:3      | Slain by an adder

Illustrated notes

Levels and vault maps discovered:
D:1:      minmay_arrival_hallway, layout_basic
D:2:      layout_loops_ring, serial_co_window_serial, co_window_corner_a,
          co_window_paths_a, co_window_paths_a, co_window_paths_a,
          co_window_paths_a, co_window_broadway_c, co_window_2corner,
          co_window_corner_b, co_window_broadway_a, co_window_of_opportunity_c,
          co_window_4corner_b, glass_columns_b, uniq_sigmund
D:3:      layout_basic, ebering_ecumenical_altar_petrified, gup_sewer_entry_pipe

Skill      XL: |  1  2  3 |
---------------+----------+-----
Long Blades    | 3 |  3.1
Invocations    | 3 |  3.1
Fighting       | |  3.8
Armour         | |  1.5
Dodging        | |  0.7

Action                   |  1- 3 |  4- 6 || total
-------------------------+-------+-------++-------
Melee: Falchion          |   110 |     6 ||   116
       Tailslap          |    11 |       ||    11
       Punch             |     1 |       ||     1
Invok: Bend Space        |     2 |       ||     2
 Abil: Rolling Charge    |    21 |       ||    21
  Use: Scroll            |     4 |       ||     4
       Potion            |     1 |       ||     1
Armor: Leather armour    |    18 |       ||    18
       Ring mail         |    29 |     1 ||    30
Dodge: Dodged            |    57 |     6 ||    63

Table legend: (Time is in decaauts)
 A = Elapsed time spent in this place.
 B = Non-inter-level travel time spent in this place.
 C = Inter-level travel time spent in this place.
 D = Time resting spent in this place.
 E = Time spent auto-exploring this place.
 F = Levels seen in this place.
 G = Mean time per level.
                   A        B        C        D        E       F      G
               +--------+--------+--------+--------+--------+-----+--------+
         Total |   1782 |   1767 |     15 |    136 |   1125 |   4 |  445.5 |
       Dungeon |   1723 |   1708 |     15 |    136 |   1125 |   3 |  574.3 |
         Abyss |     59 |     59 |      0 |      0 |      0 |   1 |   59.0 |
               +--------+--------+--------+--------+--------+-----+--------+

Top non-repeatable levels by time:
     D:1: 1525 daAuts
     D:3: 169 daAuts
 Abyss:1: 59 daAuts
     D:2: 28 daAuts
